Cogmind - Beta 12 @@@ ROGUE MODE // 2023.05.14 @ 18:28:47 Player: Decinym Result: Destroyed by W2-J6J(z) with Zionite Laser-S Performance ------------- Evolutions (4) 2000 Regions Visited (16) 3200 Robots Destroyed (220) 1100 Value Destroyed (7946) 7946 Prototype IDs (55) 1100 Alien Tech Used (0) 0 Bonus (2780) 2780 TOTAL SCORE: 18126 Bonus ------- Triggered High Security 500 High Alert Combat Kills 1785 Follower Combat Kills 1159 Entered Garrisons 200 Aligned with FarCom 300 Met Data Miner 300 Met Imprinter 300 Friendly Fire -1764 Cogmind --------- Core Integrity 0/850 Matter 77/300 Energy 377/480 System Corruption 0% Temperature Cool (45) Movement Walking (196) Ox1 Location -6/Deep Caves Parts ------- > --- POWER (2) -------- Improved Deuterium Engine Reinforced Deuterium Engine > --- PROPULSION (4) --- Light Treads Carbon-fiber Leg Carbon-fiber Leg Makeshift Leg > --- UTILITY (7) ------ Experimental Power Amplifier (fused) Advanced Heat Sink High-capacity Storage Unit Makeshift Salvage Targeting Computer Improved Light Armor Plating Makeshift Armor Plating > --- WEAPON (2) ------- Molecular Deconstructor > --- INVENTORY (20) --- Light Angular Momentum Engine Light Fission Core Cooled Antigrav System Advanced Energy Well (500) Improved Sensor Array Encrypted Comm Array Makeshift Salvage Targeting Computer Improved Heavy Armor Plating Improved System Shield Authchip [R/Combat] Heavy Tesla Rifle Heavy Tesla Rifle EM Pulse Cannon Improved EM Pulse Cannon Long-range Proton Cannon Heavy Ion Cannon Makeshift Hammer CR-A16's Pointy Stick Peak State ------------ > --- POWER ------------ Cooled Fission Core Cooled Fission Core > --- PROPULSION ------- Carbon-fiber Leg Improved Carbon-fiber Leg Flexi-carbon Leg Flexi-carbon Leg > --- UTILITY ---------- Experimental Power Amplifier Advanced Heat Sink High-capacity Storage Unit Salvage Targeting Computer Precision Matter Filter Improved Light Armor Plating Improved Shield Generator > --- WEAPON ----------- Heavy Tesla Rifle Heavy Tesla Rifle > --- INVENTORY -------- Light Fission Core Medium Treads Carbon-fiber Leg Carbon-fiber Leg Cooled Antigrav System Advanced Energy Well Structural Scanner Improved Sensor Array Encrypted Comm Array Makeshift Salvage Targeting Computer Improved Shield Generator Improved System Shield Authchip [R/Combat] Heavy Tesla Rifle Heavy Tesla Rifle Improved EM Pulse Cannon Long-range Proton Cannon Light Antimatter Cannon Light Antimatter Cannon Makeshift Hammer [Rating: 88] Favorites ----------- Power Cooled Fission Core Engine Improved Deuterium Engine Power Core Cooled Fission Core Propulsion Light Treads Treads Light Treads Leg Carbon-fiber Leg Wheel Armored Huge Wheel Hover Unit Cooled Antigrav System Utility High-capacity Storage Unit Device Advanced Heat Sink Storage High-capacity Storage Unit Processor Salvage Targeting Computer Hackware Hacking Suite Protection Improved Light Armor Plating Weapon High-powered Field Laser Energy Gun High-powered Field Laser Energy Cannon Advanced Plasma Cannon Ballistic Gun Assault Rifle Ballistic Cannon Light Antimatter Cannon Launcher Missile Launcher Special Weapon Molecular Deconstructor Impact Weapon Makeshift Hammer Build | -11 -10 -10 -10 -9 -8 -8 -7 -7 -7 -7 -6 -6 -6 -6 -6 -6 ------- Run | Jun Mat Min Exi Min Mat Gar Fac Low Low Dat Pro Fac Low Low Zio Dee Slots Evolved 8 | . . . . . 4 . 2 . . . . 2 . . . . Power 1 | . . . . . . . . . . . . 1 . . . . Propulsion 2 | . . . . . 1 . 1 . . . . . . . . . Utility 5 | . . . . . 3 . 1 . . . . 1 . . . . Weapon . | . . . . . . . . . . . . . . . . . Parts Attached 258 | . 3 . 4 10 19 28 22 3 36 2 22 78 7 17 7 . Power 19 | . . . . 1 1 2 1 . 1 . 1 9 . 2 1 . Engine 16 | . . . . 1 1 2 1 . 1 . 1 6 . 2 1 . Core 3 | . . . . . . . . . . . . 3 . . . . Reactor . | . . . . . . . . . . . . . . . . . Propulsion 61 | . 1 . 1 2 4 6 5 . 4 . 4 24 4 5 1 . Treads 30 | . 1 . 1 2 4 6 2 . 4 . 2 4 1 3 . . Leg 25 | . . . . . . . . . . . 2 17 3 2 1 . Wheel 5 | . . . . . . . 3 . . . . 2 . . . . Hover 1 | . . . . . . . . . . . . 1 . . . . Flight . | . . . . . . . . . . . . . . . . . Utility 87 | . 1 . 1 1 8 8 5 1 21 . 11 22 1 4 3 . Device 44 | . . . . 1 4 3 2 1 15 . 5 9 1 2 1 . Storage 7 | . 1 . 1 . . . . . . . 1 4 . . . . Processor 7 | . . . . . . 1 2 . 1 . . 2 . . 1 . Hackware 4 | . . . . . 1 1 . . . . . 2 . . . . Protection 25 | . . . . . 3 3 1 . 5 . 5 5 . 2 1 . Artifact . | . . . . . . . . . . . . . . . . . Weapon 91 | . 1 . 2 6 6 12 11 2 10 2 6 23 2 6 2 . Energy Gun 26 | . . . . . 1 . 5 1 5 2 1 5 . 6 . . Energy Cannon 14 | . . . 1 . . 7 . . . . 3 3 . . . . Ballistic Gun 15 | . 1 . . 4 3 1 1 . . . . 5 . . . . Ballistic Cannon 6 | . . . . . . . . . . . . 4 2 . . . Launcher 26 | . . . 1 2 2 4 5 1 4 . 2 5 . . . . Special Weapon 1 | . . . . . . . . . . . . . . . 1 . Impact Weapon 3 | . . . . . . . . . 1 . . 1 . . 1 . Slashing Weapon . | . . . . . . . . . . . . . . . . . Piercing Weapon . | . . . . . . . . . . . . . . . . . Special Melee Weapon . | . . . . . . . . . . . . . . . . . Unidentified Prototypes 16 | . . . . . 1 . 3 . 1 . 1 9 . . 1 . Corrupted Parts 8 | . . . . . . . . . . . . 2 . 5 1 . System Corruption 39 | . . . . . . . . . . . . 13 . 19 7 . Parts Lost 86 | . . . 1 4 7 10 1 . 6 . 13 27 6 10 . 1 Power 12 | . . . 1 . 1 1 . . 1 . 2 4 . 2 . . Propulsion 27 | . . . . 2 3 4 . . . . 5 7 3 3 . . Utility 29 | . . . . 1 . 3 1 . 5 . 4 8 3 3 . 1 Weapon 18 | . . . . 1 3 2 . . . . 2 8 . 2 . . Highest Loss Streak 13 | . . . 1 2 3 2 1 . 2 . 5 13 5 8 . 1 To Critical Strikes 2 | . . . . . . . . . . . 2 . . . . . Average Slot Usage (%) 86 | . 85 85 85 95 87 100 88 84 86 76 72 86 83 82 89 93 Engine 7 | . 14 14 14 14 9 9 7 7 6 7 4 4 . . 13 13 Core 2 | . . . . . . . . . . . . 3 13 12 . . Treads 12 | . 7 14 24 28 25 27 8 . 13 30 11 . 4 6 9 6 Leg 7 | . 20 14 3 . . . . . . . 9 19 16 9 16 20 Wheel 2 | . . . . . . . 10 15 8 . . 3 . . . . Device 13 | . . . . 9 13 9 7 14 14 15 11 9 21 22 20 20 Storage 8 | . 14 14 14 14 9 9 7 7 7 7 11 11 6 6 6 6 Processor 6 | . . . . . . 5 15 15 13 7 2 9 6 6 6 6 Hackware 2 | . . . . . 3 9 7 7 . . . 2 . . . . Protection 5 | . . . . . 9 12 6 . 5 7 4 6 . 2 9 13 Energy Gun 4 | . 6 . . . . . 6 15 14 . 4 4 . 3 . . Energy Cannon 3 | . . . 1 . . 15 3 . . . 10 4 . . . . Ballistic Gun 4 | . 21 28 25 27 17 2 3 . . . . 1 . . . . Ballistic Cannon 2 | . . . . . . . . . . . . 1 12 8 . . Naked Turns . | . . . . . . . . . . . . . . . . . Heaviest Build 98 | 13 33 28 58 49 67 71 68 62 66 60 76 98 89 91 88 88 Greatest Support 86 | 20 20 20 40 40 60 60 80 56 86 86 86 76 65 40 50 50 Greatest Overweight (x) 22 | . 1 1 2 1 2 1 2 1 2 . 1 5 2 22 2 1 Average Overweight (x) 1 | . . 1 1 1 . . . 1 1 . . 1 1 2 1 1 Largest Inventory Capacity 20 | . 15 15 20 20 20 20 20 20 20 20 20 20 20 20 20 20 Average Capacity 19 | . 9 15 18 20 20 20 20 20 20 20 20 20 20 20 20 20 Most Carried 20 | . 8 10 10 9 20 20 20 20 20 20 19 20 18 19 20 19 Average Carried 16 | . 6 9 9 8 15 18 19 19 19 19 14 17 14 16 17 19 Final Capacity 20 | 8 15 15 20 20 20 20 20 20 20 20 20 20 20 20 20 20 Final Carried 20 | 6 8 10 10 8 20 20 19 20 18 18 13 19 16 17 19 19 Class Distribution -------------------- 82% | Scavenger-Mutant 17% | Mutant Dominant Class ---------------- Mutant | -10/Materials Mutant | -10/Mines Mutant | -10/Exiles Mutant | -9/Mines Scavenger-Mutant | -8/Materials Scavenger-Mutant | -8/Garrison Mutant | -7/Factory Scavenger-Mutant | -7/Lower Caves Scavenger-Mutant | -7/Lower Caves Scavenger-Mutant | -7/Data Miner Scavenger-Mutant | -6/Proximity Caves Scavenger-Mutant | -6/Factory Scavenger-Mutant | -6/Lower Caves Scavenger-Mutant | -6/Lower Caves Scavenger-Mutant | -6/Zion Scavenger-Mutant | -6/Deep Caves Resources | -11 -10 -10 -10 -9 -8 -8 -7 -7 -7 -7 -6 -6 -6 -6 -6 -6 ----------- Run | Jun Mat Min Exi Min Mat Gar Fac Low Low Dat Pro Fac Low Low Zio Dee Matter Collected 6973 | 200 . 92 . 160 667 370 373 89 1443 . 1126 1538 435 405 75 . Remotely 808 | . . . . . 403 . . . 405 . . . . . . . Salvage Created 7775 | . . . 10 186 739 937 950 171 1339 . 670 2312 136 325 . . Parts 403 | . . . . 21 46 74 43 7 42 . 29 125 4 12 . . Haulers Intercepted 7 | . . . . . 2 . 2 . . . . 3 . . . . Recyclers Shooed 5 | . . . . . 1 . . . . . . 4 . . . . Parts Field Recycled . | . . . . . . . . . . . . . . . . . Retrieved Matter . | . . . . . . . . . . . . . . . . . Parts Self-Destructed 61 | . . . . . . . . 4 15 . 36 . 4 2 . . Prevented 10 | . . . . . . . . . . . . . . 10 . . Kills | -11 -10 -10 -10 -9 -8 -8 -7 -7 -7 -7 -6 -6 -6 -6 -6 -6 ------- Run | Jun Mat Min Exi Min Mat Gar Fac Low Low Dat Pro Fac Low Low Zio Dee Combat Hostiles Destroyed 175 | . . . 5 13 12 33 14 7 20 . 15 42 8 6 . . Melee 1 | . . . . . . . . . . . . 1 . . . . Guns 44 | . . . . 6 8 . 2 2 3 . 8 14 . 1 . . Cannons 51 | . . . . . . 24 3 . . . 4 9 8 3 . . AOE 73 | . . . 5 7 4 9 8 4 16 . 2 18 . . . . Classes Destroyed 23 | . . . 1 3 7 1 3 . 3 . 1 4 . . . . Worker 12 | . . . . . 1 . 3 . . . . 8 . . . . Builder 11 | . . . . . 2 . 3 . . . . 6 . . . . Tunneler 2 | . . . . . . . . . . . . 2 . . . . Hauler 7 | . . . . . 2 . 2 . . . . 3 . . . . Recycler 9 | . . . . . 4 . 3 . . . . 2 . . . . Operator 2 | . . . . . 1 . . . . . . 1 . . . . Drone 2 | . . . . . . . . . . . 2 . . . . . Watcher 3 | . . . . . . . 1 . . . . 2 . . . . Swarmer 49 | . . . . 11 5 15 3 5 . . 2 8 . . . . Cutter 2 | . . . . . . 2 . . . . . . . . . . Saboteur 3 | . . . . . . . . . . . . 3 . . . . Grunt 62 | . . . . 1 5 9 6 1 14 . 5 10 6 5 . . Brawler 8 | . . . . 1 . . . . 3 . 1 2 . 1 . . Duelist 5 | . . . . . . . . . . . . 4 1 . . . Protector 3 | . . . . . . . 1 . 1 . . 1 . . . . Sentry 17 | . . . . . 1 7 3 1 2 . 1 2 . . . . Specialist 5 | . . . . . . . . . . . . 5 . . . . Hunter 7 | . . . . . 1 . . . . . 4 1 1 . . . Programmer 7 | . . . . . . . 1 . . . . 6 . . . . Decomposer 2 | . . . . . . . . . 2 . . . . . . . Samaritan 5 | . . . . . . . . . 5 . . . . . . . Tinkerer 1 | . . . . . . . . . 1 . . . . . . . Assembled 5 | . . . 5 . . . . . . . . . . . . . Thug 1 | . . . . . . . . . 1 . . . . . . . Savage 2 | . . . . . . . . . 2 . . . . . . . Mutant 1 | . . . . . . . . . 1 . . . . . . . Best Kill Streak 24 | . . . 5 5 5 5 7 4 7 . 4 24 4 3 . . Combat Bots Only 11 | . . . 5 5 4 5 5 4 7 . 4 11 4 3 . . Max Kills in Single Turn 7 | . . . 2 3 2 3 4 2 6 . 1 7 1 2 . . Gunslinging 1 | . . . . . 1 . . . . . . . . . . . Exploded 7 | . . . 2 3 2 3 4 2 6 . 1 7 . . . . Melee 1 | . . . . . . . . . . . . 1 . . . . Uniques/NPCs Destroyed . | . . . . . . . . . . . . . . . . . Combat | -11 -10 -10 -10 -9 -8 -8 -7 -7 -7 -7 -6 -6 -6 -6 -6 -6 -------- Run | Jun Mat Min Exi Min Mat Gar Fac Low Low Dat Pro Fac Low Low Zio Dee Damage Taken 14440 | . . . 511 525 1041 1839 660 220 1148 . 1971 3928 1213 774 . 610 Core 1968 | . . . 115 65 128 298 83 32 167 . 215 370 220 116 . 159 Absorbed by Shields 416 | . . . . . . . . . 77 . . 126 213 . . . Redirected to Shielding 64 | . . . . . . . . . . . . 64 . . . . Core Remaining (%) 44 | 100 . . . 28 . 22 . . . . 29 . . . . . Volleys Fired 505 | . 4 . 9 24 58 75 36 12 59 . 64 115 27 18 . 4 Largest 2 | . 2 . 1 2 2 2 2 2 2 . 2 2 2 2 . 1 Hottest 196 | . 40 . 120 40 43 143 140 140 140 . 196 196 120 140 . . Shots Fired 908 | . 8 . 9 41 106 136 65 17 110 . 124 193 56 39 . 4 Gun 511 | . 8 . . 34 101 14 42 14 101 . 69 108 . 20 . . Cannon 339 | . . . 1 . . 114 17 . . . 53 79 56 19 . . Launcher 54 | . . . 8 7 5 8 6 3 9 . 2 6 . . . . Special 4 | . . . . . . . . . . . . . . . . 4 Kinetic 312 | . 8 . . 34 101 14 17 . . . . 63 56 19 . . Thermal 471 | . . . 1 . . 114 42 14 101 . 122 71 . 6 . . Explosive 54 | . . . 8 7 5 8 6 3 9 . 2 6 . . . . Electromagnetic 67 | . . . . . . . . . . . . 53 . 14 . . Robot Hit Streak 14 | . 2 . 1 10 13 14 9 9 13 . 12 13 7 7 . . Robot Miss Streak 13 | . 2 . 2 2 3 7 3 3 3 . 4 13 2 2 . 4 Penetration Max . | . . . . . . . . . . . . . . . . . Secondary Targets 7 | . . . . 2 2 . . . . . 1 2 . . . . Max Gunslinging Chain 1 | . . . . 1 1 . . . . . 1 1 . . . . Shots Hit Robots 575 | . 5 . 1 27 76 68 46 9 80 . 67 139 36 21 . . Core Hits 515 | . 1 . 14 18 50 47 44 10 81 . 33 193 15 9 . . Critical Kills 1 | . . . . . . . . . . . . 1 . . . . Critical Parts Destroyed 5 | . . . . 2 . 1 . . . . . 2 . . . . Critical Strikes 21 | . . . . 2 . 1 3 2 8 . . 3 1 1 . . Burn 13 | . . . . . . . 3 2 8 . . . . . . . Meltdown 1 | . . . . . . . . . . . . 1 . . . . Destroy 5 | . . . . 2 . 1 . . . . . 2 . . . . Blast 2 | . . . . . . . . . . . . . 1 1 . . Melee Attacks 4 | . . . . . . . . . 3 . . . . . 1 . Impact 4 | . . . . . . . . . 3 . . . . . 1 . Slashing . | . . . . . . . . . . . . . . . . . Piercing . | . . . . . . . . . . . . . . . . . Sneak Attacks 1 | . . . . . . . . . 1 . . . . . . . Combat Hostiles . | . . . . . . . . . . . . . . . . . Follow-up Attacks . | . . . . . . . . . . . . . . . . . Damage Inflicted 21887 | . 59 . 329 629 1477 2155 2235 531 3694 . 2347 6396 1326 709 . . Guns 7257 | . 58 . . 252 956 161 599 207 1649 . 812 2178 . 385 . . Cannons 5690 | . . . . . . 1176 510 . . . 992 1362 1326 324 . . Explosions 8861 | . . . 329 377 515 818 1126 324 1973 . 543 2856 . . . . Melee 72 | . . . . . . . . . 72 . . . . . . . Ramming 7 | . 1 . . . 6 . . . . . . . . . . . Kinetic 4206 | . 58 . . 252 956 161 150 . . . . 979 1326 324 . . Thermal 7550 | . . . . . . 1176 1060 207 1649 . 1804 1592 . 62 . . Explosive 8450 | . . . 329 377 515 818 1025 324 1973 . 543 2546 . . . . Electromagnetic 1602 | . . . . . . . . . . . . 1279 . 323 . . Impact 72 | . . . . . . . . . 72 . . . . . . . Slashing . | . . . . . . . . . . . . . . . . . Piercing . | . . . . . . . . . . . . . . . . . Highest Corruption 59 | . . . . . . 1 1 1 7 7 13 30 30 59 59 . Average Corruption 16 | . . . . . . 1 1 1 6 7 9 12 30 31 56 . Corruption Purged . | . . . . . . . . . . . . . . . . . Corruption Blocked . | . . . . . . . . . . . . . . . . . Effects 410 | . . . . . . 5 4 5 67 3 65 55 55 134 17 . Message Errors 98 | . . . . . . 1 1 . 17 . 15 12 18 30 4 . Matter Fused 88 | . . . . . . 3 . 3 12 2 8 14 12 28 6 . Heat Flow Errors 50 | . . . . . . . . 2 8 1 3 8 3 25 . . Energy Discharges 45 | . . . . . . . 1 . 9 . 10 2 2 18 3 . Parts Rejected 4 | . . . . . . . 1 . . . 1 1 1 . . . Parts Fused 5 | . . . . . . . . . . . . . 2 3 . . Data Loss (minor) 48 | . . . . . . . 1 . 9 . 11 7 5 11 4 . Data Loss (major) 17 | . . . . . . . . . 1 . 7 . 3 6 . . Misfires 23 | . . . . . . . . . 5 . 3 2 6 7 . . Alerts 9 | . . . . . . 1 . . 3 . 3 . . 2 . . Weapon Failures 23 | . . . . . . . . . 3 . 4 9 3 4 . . Overload Shots . | . . . . . . . . . . . . . . . . . Overflow Damage 255 | . . . 13 5 . 12 23 6 51 . 24 95 26 . . . Projectiles 79 | . . . . . . 2 13 . . . 24 14 26 . . . Explosions 129 | . . . 13 5 . 10 10 6 4 . . 81 . . . . Melee 47 | . . . . . . . . . 47 . . . . . . . Knockbacks 34 | . . . . . . . . . 1 . . 14 14 5 . . Impact 1 | . . . . . . . . . 1 . . . . . . . Kinetic 28 | . . . . . . . . . . . . 14 10 4 . . Secondary 5 | . . . . . . . . . . . . . 4 1 . . Self-Inflicted Damage 539 | . . . 102 48 51 134 . . 59 . . 145 . . . . Shots 22 | . . . 3 2 2 6 . . 4 . . 5 . . . . Rammed 2 | . . . . . 2 . . . . . . . . . . . Targets Rammed 3 | . 1 . . . 2 . . . . . . . . . . . Kicked 1 | . 1 . . . . . . . . . . . . . . . Crushed . | . . . . . . . . . . . . . . . . . Highest Temperature 335 | . . . 80 12 20 298 204 214 334 . 261 302 147 335 . . Average Temperature 82 | . . . 41 6 2 108 72 53 86 . 65 93 22 79 . . Received Heat Transfer 3394 | . . . . 66 396 513 234 24 389 . 273 579 458 291 . 171 Effects 6 | . . . . . . 6 . . . . . . . . . . Energy Bleed 1 | . . . . . . 1 . . . . . . . . . . Interference 5 | . . . . . . 5 . . . . . . . . . . Siege Activations . | . . . . . . . . . . . . . . . . . Robots Corrupted 2 | . . . . . . . . . . . . . . 2 . . Combat Hostiles 2 | . . . . . . . . . . . . . . 2 . . Parts Fried 9 | . . . . . . . . . 1 . . 8 . . . . Impact Corruptions 2 | . . . . . . . . . 2 . . . . . . . Robots Melted 7 | . . . . . . . 1 1 3 . 1 1 . . . . Combat Hostiles 4 | . . . . . . . 1 1 1 . 1 . . . . . Parts Melted 42 | . . . . . . 4 8 1 17 . 3 9 . . . . Heat Transferred 12427 | . . . . . . 1921 1762 481 3330 . 2832 1990 . 111 . . Parts Sabotaged 2 | . . . . . . . . . . . . 2 . . . . Parts Stolen . | . . . . . . . . . . . . . . . . . Parts Stripped . | . . . . . . . . . . . . . . . . . Power Chain Reactions . | . . . . . . . . . . . . . . . . . Missiles Intercepted . | . . . . . . . . . . . . . . . . . Alert | -11 -10 -10 -10 -9 -8 -8 -7 -7 -7 -7 -6 -6 -6 -6 -6 -6 ------- Run | Jun Mat Min Exi Min Mat Gar Fac Low Low Dat Pro Fac Low Low Zio Dee Peak Influence 2075 | . 35 13 . 208 312 1435 1098 . . . . 2075 . . . . Initial 909 | . . 13 . . 52 3 753 . . . . 909 . . . . Average 630 | . 30 13 . 90 141 684 916 . . . . 1070 . . . . Maximum Alert Level 5 | . . . . 1 1 4 3 . . . . 5 . . . . Low Security (%) 30 | . 100 100 . 83 64 22 . . . . . . . . . . Level 1 10 | . . . . 16 35 9 . . . . . . . . . . Level 2 12 | . . . . . . 17 . . . . . 27 . . . . Level 3 30 | . . . . . . 25 100 . . . . 40 . . . . Level 4 13 | . . . . . . 24 . . . . . 22 . . . . Level 5 . | . . . . . . . . . . . . 2 . . . . High Security 1 | . . . . . . . . . . . . 7 . . . . Max Security . | . . . . . . . . . . . . . . . . . Squads Dispatched 31 | . . . . . 4 . 4 . 1 . . 22 . . . . Investigation 1 | . . . . . . . . . . . . 1 . . . . Extermination 3 | . . . . . . . 1 . . . . 2 . . . . Reinforcement 7 | . . . . . 1 . 2 . . . . 4 . . . . Assault 10 | . . . . . . . 1 . 1 . . 8 . . . . Garrison 10 | . . . . . 3 . . . . . . 7 . . . . Intercept . | . . . . . . . . . . . . . . . . . Searches Triggered 2 | . . . . . . . . . . . . 2 . . . . Data Miner Redirects 2 | . . . . . . . . . . . . 2 . . . . Construction Impeded 2 | . . . . . . . 1 . . . . 1 . . . . Haulers Reinforced 1 | . . . . . . . . . . . . 1 . . . . Active Scanning Responses . | . . . . . . . . . . . . . . . . . Cargo Convoy Interrupts 1 | . . . . . . . . . . . . 1 . . . . Stealth | -11 -10 -10 -10 -9 -8 -8 -7 -7 -7 -7 -6 -6 -6 -6 -6 -6 --------- Run | Jun Mat Min Exi Min Mat Gar Fac Low Low Dat Pro Fac Low Low Zio Dee Distress Signals 6 | . . . . . 1 . . . . . 2 3 . . . . Communications Jammed . | . . . . . . . . . . . . . . . . . Distress Signals . | . . . . . . . . . . . . . . . . . Times Spotted 252 | . 1 . 7 14 15 34 18 12 21 . 28 85 8 6 . 3 Peak Tracking Total 14 | . 1 . 9 5 4 6 5 4 8 . 6 14 4 3 . 3 Tactical Retreats 16 | . . . . 1 . 2 1 6 . . 6 . . . . . Traps | -11 -10 -10 -10 -9 -8 -8 -7 -7 -7 -7 -6 -6 -6 -6 -6 -6 ------- Run | Jun Mat Min Exi Min Mat Gar Fac Low Low Dat Pro Fac Low Low Zio Dee Traps Triggered 17 | . . . . . . 12 3 . 1 . . . . 1 . . Indirectly . | . . . . . . . . . . . . . . . . . Trap Hack Attempts . | . . . . . . . . . . . . . . . . . Triggered . | . . . . . . . . . . . . . . . . . Disarmed . | . . . . . . . . . . . . . . . . . Reprogrammed . | . . . . . . . . . . . . . . . . . Reused . | . . . . . . . . . . . . . . . . . Traps Extracted . | . . . . . . . . . . . . . . . . . Installed . | . . . . . . . . . . . . . . . . . Triggered 3 | . . . . . . . . . 1 . 1 . 1 . . . Machines | -11 -10 -10 -10 -9 -8 -8 -7 -7 -7 -7 -6 -6 -6 -6 -6 -6 ---------- Run | Jun Mat Min Exi Min Mat Gar Fac Low Low Dat Pro Fac Low Low Zio Dee Machines Disabled 24 | . . . 6 . . 4 3 . 1 . . 9 1 . . . Max in Single Turn 4 | . . . 2 . . 1 2 . 1 . . 4 1 . . . Garrison Relay 4 | . . . . . . 4 . . . . . . . . . . Machines Repaired . | . . . . . . . . . . . . . . . . . Machines Sabotaged . | . . . . . . . . . . . . . . . . . Overloaded Fab Kills . | . . . . . . . . . . . . . . . . . Hacking | -11 -10 -10 -10 -9 -8 -8 -7 -7 -7 -7 -6 -6 -6 -6 -6 -6 --------- Run | Jun Mat Min Exi Min Mat Gar Fac Low Low Dat Pro Fac Low Low Zio Dee Machines Accessed 27 | . 3 . 2 . 4 3 4 . 2 4 . 4 . 1 . . Terminals 15 | . 3 . . . 2 3 4 . . . . 3 . . . . Fabricators . | . . . . . . . . . . . . . . . . . Repair Stations 1 | . . . . . . . . . . . . 1 . . . . Recycling Units 1 | . . . . . 1 . . . . . . . . . . . Scanalyzers . | . . . . . . . . . . . . . . . . . Garrison Access 1 | . . . . . 1 . . . . . . . . . . . Total Hacks 85 | . 7 . 2 . 16 8 12 . 2 30 . 7 . 1 . . Successful 57 | . 3 . 2 . 10 2 5 . 2 30 . 2 . 1 . . Failed 27 | . 4 . . . 5 6 7 . . . . 5 . . . . Catastrophic 8 | . 1 . . . . . 2 . . . . 5 . . . . Database Lockouts 1 | . . . . . 1 . . . . . . . . . . . Manual 34 | . 7 . 1 . 8 2 8 . . . . 3 1 . 4 . Terminals 47 | . 7 . . . 14 8 12 . . . . 6 . . . . Fabricators . | . . . . . . . . . . . . . . . . . Repair Stations 1 | . . . . . . . . . . . . 1 . . . . Recycling Units 1 | . . . . . 1 . . . . . . . . . . . Scanalyzers . | . . . . . . . . . . . . . . . . . Garrison Access 1 | . . . . . 1 . . . . . . . . . . . Terminal Hacks 51 | . 3 . 2 . 8 2 3 . 2 30 . . . 1 . . Record 12 | . . . 1 . . . . . . 11 . . . . . . Part Schematic 11 | . 2 . . . . . . . . 9 . . . . . . Robot Schematic 7 | . . . . . . . . . . 7 . . . . . . Prototype ID Bank 6 | . . . . . 3 . . . . 3 . . . . . . Open Door 3 | . . . . . . . . . 2 . . . . 1 . . Branch Access Points 1 | . . . . . . . 1 . . . . . . . . . Emergency Access Points 1 | . . . . . . 1 . . . . . . . . . . Machine Index 1 | . . . . . 1 . . . . . . . . . . . Terminal Index 1 | . . . . . . . 1 . . . . . . . . . Alert Level 2 | . . . . . 1 . 1 . . . . . . . . . Unreport Threat 2 | . . . . . 2 . . . . . . . . . . . Zone Layout 2 | . 1 . . . 1 . . . . . . . . . . . Security Stations 1 | . . . . . . 1 . . . . . . . . . . EX-Prototype ID Bank 1 | . . . 1 . . . . . . . . . . . . . Fabricator Hacks . | . . . . . . . . . . . . . . . . . Repair Station Hacks . | . . . . . . . . . . . . . . . . . Recycling Unit Hacks 1 | . . . . . 1 . . . . . . . . . . . Retrieve Components 1 | . . . . . 1 . . . . . . . . . . . Scanalyzer . | . . . . . . . . . . . . . . . . . Garrison Access Hacks 1 | . . . . . 1 . . . . . . . . . . . Unlock Access 1 | . . . . . 1 . . . . . . . . . . . Unauthorized Hacks 4 | . . . . . . . 2 . . . . 2 . . . . Terminals 4 | . . . . . . . 2 . . . . 2 . . . . Botnet 4 | . . . . . . . 2 . . . . 2 . . . . Fabricators . | . . . . . . . . . . . . . . . . . Repair Stations . | . . . . . . . . . . . . . . . . . Recycling Units . | . . . . . . . . . . . . . . . . . Scanalyzers . | . . . . . . . . . . . . . . . . . Garrison Access . | . . . . . . . . . . . . . . . . . Data Cores Recovered . | . . . . . . . . . . . . . . . . . Used . | . . . . . . . . . . . . . . . . . Hacking Detections 14 | . 1 . . . 2 3 4 . . . . 4 . . . . Full Trace Events 2 | . . . . . . 1 . . . . . 1 . . . . Feedback Events 1 | . . . . . . 1 . . . . . . . . . . Corruption 1 | . . . . . . 1 . . . . . . . . . . Feedback Blocked . | . . . . . . . . . . . . . . . . . Robot Schematics Acquired 9 | . . . . . . . . . . 7 . . . . 2 . Robots Built . | . . . . . . . . . . . . . . . . . Authchips . | . . . . . . . . . . . . . . . . . Time . | . . . . . . . . . . . . . . . . . Total Robot Build Rating . | . . . . . . . . . . . . . . . . . Part Schematics Acquired 26 | . 2 . . . . . . . . 9 . . . . 15 . Parts Built . | . . . . . . . . . . . . . . . . . Authchips . | . . . . . . . . . . . . . . . . . Time . | . . . . . . . . . . . . . . . . . Total Part Build Rating . | . . . . . . . . . . . . . . . . . Parts Repaired . | . . . . . . . . . . . . . . . . . Time . | . . . . . . . . . . . . . . . . . Parts Recycled . | . . . . . . . . . . . . . . . . . Recycled Matter . | . . . . . . . . . . . . . . . . . Retrieved Matter . | . . . . . . . . . . . . . . . . . Retrieved Components 9 | . . . . . 9 . . . . . . . . . . . Parts Scanalyzed . | . . . . . . . . . . . . . . . . . Part Schematics Acquired . | . . . . . . . . . . . . . . . . . Parts Damaged . | . . . . . . . . . . . . . . . . . Bothacking | -11 -10 -10 -10 -9 -8 -8 -7 -7 -7 -7 -6 -6 -6 -6 -6 -6 ------------ Run | Jun Mat Min Exi Min Mat Gar Fac Low Low Dat Pro Fac Low Low Zio Dee Used RIF Installer . | . . . . . . . . . . . . . . . . . Robots Hacked . | . . . . . . . . . . . . . . . . . Non-combat . | . . . . . . . . . . . . . . . . . Combat . | . . . . . . . . . . . . . . . . . Robot Hacks Applied . | . . . . . . . . . . . . . . . . . Relay Couplers Released 16 | . . . . . . 16 . . . . . . . . . . Machine Destruction 16 | . . . . . . 16 . . . . . . . . . . Fabnet Peak Effective % . | . . . . . . . . . . . . . . . . . Robots Rewired 2 | . . . . . . . . . 2 . . . . . . . Allies Hacked . | . . . . . . . . . . . . . . . . . Hacks Repelled . | . . . . . . . . . . . . . . . . . Allies | -11 -10 -10 -10 -9 -8 -8 -7 -7 -7 -7 -6 -6 -6 -6 -6 -6 -------- Run | Jun Mat Min Exi Min Mat Gar Fac Low Low Dat Pro Fac Low Low Zio Dee Total Allies 4 | . . . . . . . . . 2 . 1 1 . . . . Largest Group 2 | . . . . . . . . . 2 2 2 1 . . . . Highest-Rated Group 126 | . . . . . . . . . 60 60 126 99 . . . . Highest-Rated Ally 99 | . . . . . . . . . 30 30 96 99 . . . . Total Orders . | . . . . . . . . . . . . . . . . . Ally Attacks 85 | . . . . . . . . . . . 38 47 . . . . Total Damage 4316 | . . . . . . . . . . . 881 3435 . . . . Kills 34 | . . . . . . . . . . . 8 26 . . . . Allies Corrupted . | . . . . . . . . . . . . . . . . . Allies Melted 1 | . . . . . . . . . 1 . . . . . . . Intel | -11 -10 -10 -10 -9 -8 -8 -7 -7 -7 -7 -6 -6 -6 -6 -6 -6 ------- Run | Jun Mat Min Exi Min Mat Gar Fac Low Low Dat Pro Fac Low Low Zio Dee Robot Analysis Total . | . . . . . . . . . . . . . . . . . Derelict Logs Recovered 7 | . . . . 1 . . . . 2 . 2 . . 1 1 . Drone Launches . | . . . . . . . . . . . . . . . . . Drone Recoveries . | . . . . . . . . . . . . . . . . . Exploration | -11 -10 -10 -10 -9 -8 -8 -7 -7 -7 -7 -6 -6 -6 -6 -6 -6 ------------- Run | Jun Mat Min Exi Min Mat Gar Fac Low Low Dat Pro Fac Low Low Zio Dee Turns Passed 18366 | . 331 41 819 596 1042 2374 838 695 2222 129 1699 1562 960 2591 2290 177 Spaces Moved 8310 | 1 213 17 331 217 357 859 529 562 1428 86 718 704 366 810 1028 84 Core 2 | . . . . . . . . . . . . . . 2 . . Treads 3118 | . 92 17 331 217 357 859 117 . 116 86 244 7 . 288 387 . Legs 2552 | 1 121 . . . . . . . . . 474 345 366 520 641 84 Wheels 2638 | . . . . . . . 412 562 1312 . . 352 . . . . Hover . | . . . . . . . . . . . . . . . . . Flight . | . . . . . . . . . . . . . . . . . Fastest Speed 115 | 120 120 240 240 240 160 160 115 115 115 148 148 115 190 240 196 196 Average Speed 191 | 120 145 240 240 240 223 239 125 115 127 148 178 150 237 307 221 196 Slowest Speed 1150 | 120 240 240 320 240 320 240 160 115 148 148 230 320 260 1150 320 196 Overloaded Moves . | . . . . . . . . . . . . . . . . . Propulsion Burnouts . | . . . . . . . . . . . . . . . . . Robots Hopped 1 | . . . . . . . . . . . . 1 . . . . Cave-ins Triggered . | . . . . . . . . . . . . . . . . . Exploration Rate (%) 51 | 2 46 5 70 53 26 84 16 80 97 70 81 20 51 81 84 16 Regions Visited 16 Branch Regions 11 Pre-discovered Areas 6 | . . . 1 . . . . 1 . 1 . . . . 3 . Known Exits Taken 6 | . . . . . 1 . 1 1 1 1 1 . . . . . Unknown Exits Taken 9 | 1 1 1 1 1 . . . . . . . 1 1 1 1 . Scrap Searched 15 | . . . . . . . . 4 4 . 1 . . 2 4 . Spaces Dug 33 | . . . . . . 3 . 18 2 . 8 . . 2 . . Terrain Destroyed 542 | . . . 26 49 34 16 33 23 113 . 67 154 17 10 . . Melee 2 | . . . . . . . . . 2 . . . . . . . Projectile 67 | . . . . . . . . 1 3 . 22 14 17 10 . . AOE 473 | . . . 26 49 34 16 33 22 108 . 45 140 . . . . Terrain Rammed . | . . . . . . . . . . . . . . . . . Walls Destroyed . | . . . . . . . . . . . . . . . . . Machines Disabled . | . . . . . . . . . . . . . . . . . Actions | -11 -10 -10 -10 -9 -8 -8 -7 -7 -7 -7 -6 -6 -6 -6 -6 -6 --------- Run | Jun Mat Min Exi Min Mat Gar Fac Low Low Dat Pro Fac Low Low Zio Dee Total 9817 | . 230 18 347 253 492 1038 645 593 1709 89 1009 987 403 872 1043 89 Wait 449 | . . . . . 23 25 7 14 126 . 195 40 3 15 . 1 Move 8293 | . 212 16 330 216 357 858 528 561 1427 85 717 701 365 809 1027 84 Hop 1 | . . . . . . . . . . . . 1 . . . . Pick Up 108 | . 5 2 1 3 21 18 12 2 14 . 3 18 1 4 4 . Fast Attach 105 | . 2 . 1 1 13 5 9 . 6 . 6 45 1 12 4 . Attach 87 | . 1 . 1 5 6 10 3 . 17 2 12 19 5 4 2 . Detach 26 | . . . . . 2 . 1 . 4 2 5 10 . 2 . . Swap 66 | . . . 2 4 . 13 10 3 13 . 4 14 1 1 1 . Drop 107 | . 5 . 3 . 10 16 23 1 17 . 3 24 . 1 4 . Fire 505 | . 4 . 9 24 58 75 36 12 59 . 64 115 27 18 . 4 Melee 4 | . . . . . . . . . 3 . . . . . 1 . Ram . | . . . . . . . . . . . . . . . . . Kick 1 | . 1 . . . . . . . . . . . . . . . Crush 2 | . . . . . 2 . . . . . . . . . . . Escape Stasis 34 | . . . . . . 18 16 . . . . . . . . . Rewire 29 | . . . . . . . . . 23 . . . . 6 . . Trap . | . . . . . . . . . . . . . . . . . Miscellaneous . | . . . . . . . . . . . . . . . . . Route ------- -11/Junkyard -10/Materials -10/Mines -10/Exiles (discovered 2 exits: [*Min x2]) -9/Mines -8/Materials -8/Garrison (discovered 3 exits: *Fac x3) -7/Factory (discovered 3 exits: Sto / *Low x2) -7/Lower Caves -7/Lower Caves (discovered 2 exits: *Fac / *Dat) -7/Data Miner -6/Proximity Caves -6/Factory -6/Lower Caves -6/Lower Caves (discovered 2 exits: [*Fac] / *Zio) -6/Zion (discovered 2 exits: [*Dee] / [*Pro]) -6/Deep Caves History --------- Turn | Location | Event 1 | -11/Junkyard | Discovered new exit (range 0) 1 | -11/Junkyard | Entered Materials 294 | -10/Materials | Discovered new exit (range 13) 309 | -10/Materials | Build established: Mutant 332 | -10/Materials | Entered Mines 363 | -10/Mines | Deemed a non-threat by the Exiles lab entrance 363 | -10/Mines | Discovered new exit (range 5) 373 | -10/Mines | Entered Exiles 412 | -10/Exiles | Discovered new exit (range 15) 438 | -10/Exiles | Met 8R-AWN 472 | -10/Exiles | Met EX-HEX 606 | -10/Exiles | Met EX-DEC 656 | -10/Exiles | Learned location of Zion (-6) 827 | -10/Exiles | Met EX-BIN 855 | -10/Exiles | Aligned with FarCom system 858 | -10/Exiles | Given EX-Vault access code 918 | -10/Exiles | Opened EX-Vault 937 | -10/Exiles | Found Gui. Plasma Cannon 993 | -10/Exiles | Warned to stay clear of 0b10 Research branches 1120 | -10/Exiles | Attacked by the Exiles 1173 | -10/Exiles | Discovered new exit (range 10) 1192 | -10/Exiles | Entered Mines 1293 | -9/Mines | Core integrity fell below 50% 1559 | -9/Mines | Discovered new exit (range 6) 1566 | -9/Mines | Received a Rocket Launcher from a helpful Derelict 1699 | -9/Mines | Learned location of 1 exit from Lower Caves 1788 | -9/Mines | Entered Materials 1788 | -8/Materials | Evolved 4 slots: Propulsion x1, Utility x3 1824 | -8/Materials | Garrison activated, responded to threat 1869 | -8/Materials | Lost 3 parts (1p1n1w) 1969 | -8/Materials | Lost 3 parts (1n2w) 2231 | -8/Materials | Build established: Scavenger-Mutant 2613 | -8/Materials | Central database locked down 2830 | -8/Materials | Identified exit to Garrison 2830 | -8/Materials | Entered Garrison 2916 | -8/Garrison | Triggered checkpoint 3002 | -8/Garrison | Garrison Relay disabled 3060 | -8/Garrison | Learned Factory security intel 3324 | -8/Garrison | Triggered checkpoint 3463 | -8/Garrison | Discovered new exit (range 8) 3598 | -8/Garrison | Triggered checkpoint 3605 | -8/Garrison | Core integrity fell below 50% 3646 | -8/Garrison | Garrison Relay disabled 4200 | -8/Garrison | Triggered checkpoint 4238 | -8/Garrison | Triggered checkpoint 4354 | -8/Garrison | Triggered checkpoint 4397 | -8/Garrison | Garrison Relay disabled 4598 | -8/Garrison | Discovered new exit (range 10) 5143 | -8/Garrison | Garrison Relay disabled 5176 | -8/Garrison | Discovered new exit (range 10) 5204 | -8/Garrison | Entered Factory 5204 | -7/Factory | Evolved 2 slots: Propulsion x1, Utility x1 5478 | -7/Factory | Identified exit to Storage 5478 | -7/Factory | Identified exit to Lower Caves 5604 | -7/Factory | First assault squad dispatched 5719 | -7/Factory | Build established: Mutant 5775 | -7/Factory | Found Prototype Launcher 5775 | -7/Factory | Identified Rocket Array 6042 | -7/Factory | Entered Lower Caves 6043 | -7/Lower Caves | Identified exit to Lower Caves 6248 | -7/Lower Caves | Spotted B-75 Beast 6253 | -7/Lower Caves | Build established: Scavenger-Mutant 6318 | -7/Lower Caves | Met a Warlord Commander 6319 | -7/Lower Caves | Learned location of Warlord (-4) 6322 | -7/Lower Caves | Found Encrypted Comm Array 6587 | -7/Lower Caves | Attracted the attention of an 0b10 checkpoint 6737 | -7/Lower Caves | Entered another Lower Caves area 6904 | -7/Lower Caves | Discovered new exit (range 5) 6908 | -7/Lower Caves | Identified exit to Factory 6918 | -7/Lower Caves | Learned Factory interactive machine intel 7190 | -7/Lower Caves | Found Prototype Device 7229 | -7/Lower Caves | Encountered a Warlord checkpoint 7440 | -7/Lower Caves | Identified Heart of Steel 7727 | -7/Lower Caves | Build established: Mutant 7942 | -7/Lower Caves | Discovered new exit (range 14) 8027 | -7/Lower Caves | Build established: Scavenger-Mutant 8646 | -7/Lower Caves | Attracted the attention of an 0b10 outpost 8696 | -7/Lower Caves | Learned Factory terminal intel 8697 | -7/Lower Caves | Destroyed 7 combat bots 8933 | -7/Lower Caves | Attracted the attention of an 0b10 checkpoint 8945 | -7/Lower Caves | Identified exit to Data Miner 8959 | -7/Lower Caves | Entered Data Miner 8959 | -7/Data Miner | Accompanied by 2 allies 8960 | -7/Data Miner | Discovered new exit (range 6) 8989 | -7/Data Miner | Met Data Miner 9015 | -7/Data Miner | Learned location of Section 7 (-2) 9015 | -7/Data Miner | Acquired the access code to Warlord's prototype stash 9042 | -7/Data Miner | Received God Mode back door access code from Data Miner 9083 | -7/Data Miner | Identified exit to Proximity Caves 9088 | -7/Data Miner | Entered Proximity Caves 9088 | -6/Proximity Caves | Accompanied by 2 allies 9127 | -6/Proximity Caves | Escorted by Enhanced Grunt 9225 | -6/Proximity Caves | Spotter reported a threat 9295 | -6/Proximity Caves | Learned Factory emergency access door positions 9308 | -6/Proximity Caves | Spotter reported a threat 9340 | -6/Proximity Caves | Spotter reported a threat 9361 | -6/Proximity Caves | Spotter reported a threat 9393 | -6/Proximity Caves | Spotter reported a threat 9414 | -6/Proximity Caves | Spotter reported a threat 9499 | -6/Proximity Caves | Attracted the attention of an 0b10 checkpoint 9589 | -6/Proximity Caves | Core integrity fell below 50% 9609 | -6/Proximity Caves | Lost 4 parts (2n1u1w) 9718 | -6/Proximity Caves | Spotted B-75 Beast 9737 | -6/Proximity Caves | Lost 5 parts (1p2n1u1w) 10071 | -6/Proximity Caves | System corruption reached 10% 10106 | -6/Proximity Caves | Lost 3 parts (1p1n1u) 10388 | -6/Proximity Caves | Learned Factory emergency access door positions 10391 | -6/Proximity Caves | Discovered exit to Factory (range 9) 10787 | -6/Proximity Caves | Entered Factory 10787 | -6/Factory | Evolved 2 slots: Power x1, Utility x1 10789 | -6/Factory | Loaded intel: 52 interactive machine locations 10790 | -6/Factory | Loaded intel: 26 terminal locations 11137 | -6/Factory | Search patrols dispatched 11487 | -6/Factory | Search patrols dispatched 11587 | -6/Factory | System corruption reached 10% 11592 | -6/Factory | Incoming investigation squad redirected 11607 | -6/Factory | Garrison activated, responded to threat 11658 | -6/Factory | Destroyed 10 combat bots 11694 | -6/Factory | Lost 5 parts (1p1n2u1w) 11762 | -6/Factory | Destroyed 7 combat bots 11837 | -6/Factory | First assault squad dispatched 11852 | -6/Factory | Discovered new exit (range 15) 11858 | -6/Factory | Cargo convoy interrupted 11862 | -6/Factory | Incoming assault squad redirected 11889 | -6/Factory | Destroyed 11 combat bots 11903 | -6/Factory | Heart of Steel transformed into Warbot 11907 | -6/Factory | Garrison activated, responded to threat 11944 | -6/Factory | Lost 13 parts (3p2n4u4w) 12231 | -6/Factory | Garrison activated, responded to threat 12234 | -6/Factory | High security lockdown imminent 12303 | -6/Factory | System corruption reached 30% 12314 | -6/Factory | High security lockdown engaged 12314 | -6/Factory | Destroyed 7 combat bots 12349 | -6/Factory | Entered Lower Caves 12358 | -6/Lower Caves | Core integrity fell below 50% 12410 | -6/Lower Caves | Lost 5 parts (2n2u1w) 12667 | -6/Lower Caves | Lost 3 parts (2n1u) 13004 | -6/Lower Caves | Discovered new exit (range 14) 13187 | -6/Lower Caves | Acquired the password to a Derelict Tinkerer's latest research 13204 | -6/Lower Caves | Found Prototype Special Weapon 13309 | -6/Lower Caves | Entered another Lower Caves area 13518 | -6/Lower Caves | Discovered new exit (range 14) 14964 | -6/Lower Caves | Learned Factory garrison access intel 15728 | -6/Lower Caves | Core integrity fell below 20% 15750 | -6/Lower Caves | Lost 8 parts (2p2n3u1w) 15867 | -6/Lower Caves | Discovered new exit (range 8) 15900 | -6/Lower Caves | Entered Zion 16071 | -6/Zion | Discovered new exit (range 16) 16224 | -6/Zion | System corruption cleaned by Quarantine Array 16449 | -6/Zion | System corruption cleaned by Quarantine Array 16674 | -6/Zion | Learned location of Armory (-3) 17142 | -6/Zion | Acquired unknown access codes intercepted by a Zionite 17475 | -6/Zion | Learned location of Extension (-4) 17497 | -6/Zion | Found CR-A16's Pointy Stick 17919 | -6/Zion | Identified Molecular Deconstructor 18147 | -6/Zion | Opened final containment barrier to the Deep Caves 18182 | -6/Zion | Discovered new exit (range 3) 18182 | -6/Zion | Saw the warning signs outside the Deep Caves entrance 18190 | -6/Zion | Entered Deep Caves 18347 | -6/Deep Caves | Attacked by Z-Imprinter 18367 | -6/Deep Caves | Destroyed by W2-J6J(z) with Zionite Laser-S Last Messages --------------- LOCATION=UNKNOWN GOAL=ESCAPE 18340_ NEW_ZION: Z-Facility proximity alert. Z-Imprinter: GET AWAY FROM HERE! I've worked too hard for our future just to have you ruin everything! 18367_ Imp. Particle Charger destroyed. Map ----- +----------------------------------------------------+ | | | | | | | | | | | | | | | | | | | | | | | | | | | | | ?????????????????????????????????????????????????? | | ?????##??????????????????????????????????????????? | | ????? ????????????????????????????????????????? | | ????? ??????##??????????????????????????????? | | ???? #??### ##?????######?????????????????? | | ???? ## # ####### ##????????????????? | | ??? ;#;;# #????????????????? | | ??? #????????????????? | | ??? #????????????????? | | ??? ##????????????????? | | ??? #???????####??????? | | ????"""" @ ##?????## ##?????? | | ??????"" ;###### #?????? | | ??????"" #????## | | ??????"" Iz #???## | | ?????? z ##???# | | ??????"" # ##???# | | ???????" ## # ##??# | | ???????" ###??## ##?# | | ???????" #????## ### | | ????????? #????# ## | | ??????????? ????# | | ?????????????? #???## | | ???????????????? #????# | | ????????????????? ##????## ## | | ??????????????????? #??????###### ## | | ????????????????????? ???????????######? | | ???????????????????????? ?????????????????? | | ?????????????????????????? ??????????????????? | | ?????????????????????????????????????????????????? | | ?????????????????????????????????????????????????# | | ??????????????????????????????????????############ | | ??????????????????????????????????????# | | ??????????????????????????????????????# | | ??????????????????????????????????????# ##### ### | | ????????????????????????????????????????????# #?# | +----------------------------------------------------+ Best States ------------- Heat Dissipation 75 Energy Generation 49 Energy Capacity 800 Matter Stores 300 Matter Capacity 300 Sight Range 16 Robot Scan Range 15 Terrain Scan Range 16 Terrain Scan Density 110 Power Amplification 40 Armor Coverage 600 Resistance: TH 10 Resistance: EM 15 Core Shielding 30 Evasion (%) 55 Targeting Accuracy 8 Core Analysis 6 Recoil Reduction 4 Matter Filtering 50 Particle Charging 20 Salvage Targeting 5 Offensive Hacking 11 Defensive Hacking 12 Authchip Count 4 Item Schematics ----------------- Huge Storage Unit | -10/Materials | Hacked Hcp. Storage Unit | -10/Materials | Hacked Combat Drone Bay | -7/Data Miner | Free Lgt. Regenerative Plating | -7/Data Miner | Free Cld. Cesium-ion Thruster | -7/Data Miner | Free Exp. Targeting Computer | -7/Data Miner | Free Imp. Lightning Gun | -7/Data Miner | Free Hvy. Treads | -7/Data Miner | Free Adv. Shield Generator | -7/Data Miner | Free Imp. Shock Absorption System | -7/Data Miner | Free Mass Driver | -7/Data Miner | Free Arm. Medium Treads | -6/Zion | Archive Beamcaster | -6/Zion | Archive Adv. Reaction Control System | -6/Zion | Archive Imp. Antigrav System | -6/Zion | Archive Hvy. Machine Gun | -6/Zion | Archive Hvy. Phase Cannon | -6/Zion | Archive Focal Shield | -6/Zion | Archive Hvy. Pick | -6/Zion | Archive Adv. System Restoration Module | -6/Zion | Archive Imp. Target Analyzer | -6/Zion | Archive Imp. Weapon Cycler | -6/Zion | Archive Mak. Cloaking Device | -6/Zion | Archive Spk. Medium Treads | -6/Zion | Archive Adv. Hacking Suite | -6/Zion | Archive Imp. KE Penetrator | -6/Zion | Archive Robot Schematics ------------------ S-27 Virus | -7/Data Miner | Free H-55 Commando | -7/Data Miner | Free R-10 Processor | -7/Data Miner | Free A-15 Conveyor | -7/Data Miner | Free D-63 Destroyer | -7/Data Miner | Free B-60 Warrior | -7/Data Miner | Free G-50 Soldier | -7/Data Miner | Free R-06 Scavenger | -6/Zion | Archive B-48 Gladiator | -6/Zion | Archive Fabricated ------------ Nothing Alien Tech Used ----------------- None Achievements -------------- None Challenges ------------ None Game ------ Seed PowerBiocellBooster Manual? 0 Play Time 01:24:02 Cumulative 335.9 hours Start 2023.05.09 @ 18:10:15 End 2023.05.14 @ 18:28:47 Sessions 9 Manual Loads 0 Difficulty Rogue Special Mode None Game No. 355 Rogue 355 Adventurer 0 Explorer 0 Win Type - Total 28 Types 16/3/3/1/2/0/3/0/0 Lore% 86 Gallery% 86 Achievement% 82 Wizard Run 0 Options --------- ASCII 0 Keyboard 0 Movement Arrows Keybinds 0 Fullscreen 2 Font 24/Smallcaps Map View 76x50 Tactical HUD 1 Map Filters NONE Filters NONE Steam 1 RUN: fa678837-675f-4436-ad22-dafadb821cec